Map: Whispers of Gold

Players

LiquidClem (Clem) - Winner!

  • Race: Terran Terran
  • League: Grandmaster
  • Spawn Location: 9:00

Serral

  • Race: Zerg Zerg
  • League: Master
  • Spawn Location: 5:00

Event: HomeStory Cup XXVI

VOD

Have the link to the VOD?

Description

Time

  • Played on: Dec. 1, 2024, 10:44 a.m.
  • Length: 12:16

All games in this series

Show
View Real Time Build Order
Export as new Build Order

LiquidClem Terran - Winner!

Build Orders: Hellion Opening, Reaper Expand 

Get SALT Encoding   

  12  0:00  SCV  
  13  0:12  SCV  
  14  0:17  Supply Depot  
  14  0:24  SCV  
  15  0:39  SCV  
  15  0:41  Barracks  
  16  0:45  Refinery  
  16  0:51  SCV  
  17  1:03  SCV  
  18  1:15  SCV  
  19  1:28  Orbital Command  
  19  1:29  Reaper  
  20  1:42  Command Center  
  20  1:49  Supply Depot  
  20  1:53  SCV  
  21  2:01  Marine  
  22  2:05  SCV  
  23  2:13  Factory  
  23  2:19  SCV  
  24  2:23  Barracks Reactor  
  24  2:31  SCV  
  25  2:42  Command Center  
  25  2:44  SCV  
  26  2:56  SCV  
  26  2:57  Orbital Command  
  27  3:05  Hellion  
  29  3:08  Hellion  
  29  3:10  SCV  
  32  3:18  Starport  
  32  3:22  SCV  
  32  3:23  SCV  
  32  3:26  Hellion  
  36  3:30  Hellion  
  39  3:34  SCV  
  39  3:35  SCV  
  39  3:36  Refinery  
  39  3:37  Marine  
  41  3:46  SCV  
  41  3:47  SCV  
  42  3:52  Hellion x2  
  44  3:56  Orbital Command  
  44  3:58  SCV  
  44  4:00  SCV  
  39  4:10  SCV  
  39  4:12  SCV  
  39  4:13  Liberator  
  44  4:19  Hellion  
  44  4:20  Hellion  
  44  4:22  Barracks Tech Lab, SCV x2  
  50  4:25  SCV  
  50  4:30  Supply Depot  
  51  4:34  SCV x2  
  51  4:37  SCV  
  51  4:46  SCV  
  51  4:47  SCV  
  51  4:49  SCV  
  51  4:52  Stimpack  
  54  4:59  SCV x2  
  56  5:00  Factory Reactor  
  56  5:01  Barracks x2  
  56  5:02  SCV, Starport Reactor  
  56  5:05  Marine  
  58  5:10  Supply Depot  
  58  5:11  SCV x2  
  58  5:14  SCV  
  59  5:15  Refinery  
  59  5:18  Engineering Bay  
  59  5:20  Engineering Bay  
  59  5:23  SCV x2, Marine  
  59  5:26  SCV  
  63  5:35  SCV  
  64  5:36  SCV  
  64  5:37  Supply Depot  
  64  5:38  SCV  
  64  5:41  Marine  
  67  5:45  Orbital Command, Refinery, Factory Reactor  
  67  5:47  Terran Infantry Weapons Level 1, Terran Infantry Armor Level 1  
  67  5:49  SCV  
  68  5:50  Supply Depot  
  68  5:51  Marine x2  
  68  5:53  SCV  
  71  5:59  Supply Depot, Marine x2  
  71  6:00  Medivac  
  71  6:02  SCV  
  71  6:03  Marine  
  75  6:05  SCV  
  75  6:09  Medivac  
  75  6:11  Marine x2  
  78  6:13  Supply Depot, SCV  
  78  6:14  SCV  
  78  6:17  SCV  
  78  6:18  Marine  
  83  6:20  Marine  
  83  6:25  SCV, Barracks, Widow Mine  
  90  6:26  SCV, Barracks, Widow Mine  
  90  6:29  SCV  
  92  6:33  Supply Depot  
  92  6:35  Marine  
  92  6:36  Supply Depot  
  92  6:37  SCV  
  92  6:38  SCV  
  92  6:39  Marine  
  96  6:41  Combat Shield  
  96  6:42  SCV  
  96  6:43  Marine  
  98  6:47  Supply Depot  
  98  6:48  Supply Depot  
  98  6:49  SCV, Marine  
  98  6:50  SCV  
  98  6:54  SCV  
  102  6:56  Widow Mine x2  
  102  6:59  Supply Depot  
  106  7:01  SCV  
  106  7:02  SCV  
  106  7:03  Armory  
  106  7:05  Marine  
  106  7:06  SCV  
  109  7:08  Medivac x2  
  109  7:09  Marine x2  
  109  7:11  Factory  
  109  7:13  SCV, Refinery  
  109  7:14  Barracks Reactor x2  
  109  7:15  Marine  
  117  7:17  Marine  
  117  7:21  Widow Mine x2  
  118  7:23  Marine  
  118  7:26  Marine x2  
  121  7:32  Command Center  
  121  7:33  Marine  
  121  7:35  Marine  
  123  7:38  Sensor Tower  
  123  7:41  Supply Depot x2, Marine, Medivac x2  
  128  7:44  Marine  
  128  7:50  Marine x2  
  131  7:53  Marine, Widow Mine x2  
  131  7:56  Supply Depot, Terran Infantry Weapons Level 2  
  131  7:58  Marine x4  
  139  8:01  Factory Tech Lab  
  140  8:07  Marine, Terran Infantry Armor Level 2  
  140  8:09  Supply Depot, Marine  
  140  8:12  Marine x2  
  144  8:14  Widow Mine  
  144  8:24  Barracks x2  
  144  8:26  Barracks, Widow Mine  
  138  8:28  Marine  
  138  8:29  Marine x2  
  138  8:33  Marine x4, Widow Mine  
  138  8:34  Marine, Medivac  
  137  8:38  SCV x2, Medivac  
  137  8:39  Marine  
  143  8:42  Widow Mine  
  143  8:44  SCV  
  143  8:46  Marine  
  143  8:47  Marine x2, Widow Mine  
  151  8:52  Supply Depot  
  151  8:53  SCV x2  
  153  8:56  Marine, Widow Mine  
  153  9:00  Marine x2  
  153  9:01  Marine  
  159  9:03  SCV  
  159  9:05  Drilling Claws  
  159  9:06  Widow Mine, Medivac  
  159  9:07  Marine x2  
  159  9:09  Marine x2  
  155  9:14  Barracks Tech Lab, Widow Mine  
  155  9:15  Barracks Tech Lab, Marine  
  158  9:18  Marine  
  158  9:21  Marine x2  
  158  9:22  Widow Mine  
  158  9:23  Planetary Fortress  
  159  9:25  SCV  
  159  9:29  Widow Mine  
  159  9:30  Marine x2  
  161  9:31  Marine x2  
  161  9:35  Marine x2, Widow Mine  
  161  9:37  Barracks Tech Lab  
  161  9:39  Marauder  
  161  9:40  Marauder  
  161  9:42  Marine  
  161  9:45  Liberator x2  
  166  9:48  Widow Mine  
  166  9:51  Widow Mine  
  164  9:55  Marine  
  164  9:56  Marauder  
  164  9:57  Widow Mine  
  168  10:00  Marauder  
  168  10:01  Marine  
  168  10:02  Marine x3  
  168  10:03  Marine x2  
  168  10:04  Marauder x2  
  176  10:09  Widow Mine  
  176  10:12  Widow Mine  
  176  10:13  Marine  
  176  10:16  Refinery, Command Center  
  176  10:17  Refinery  
  176  10:18  Widow Mine  
  178  10:23  Marine x2  
  178  10:24  Marine x2  
  180  10:28  Medivac  
  180  10:29  Marine  
  180  10:30  Widow Mine  
  180  10:33  Liberator, Widow Mine  
  190  10:38  Marine  
  190  10:39  Marine  
  190  10:41  SCV  
  184  10:42  SCV  
  184  10:43  Marine  
  184  10:44  Widow Mine  
  184  10:46  SCV, Marine  
  184  10:48  Marine  
  183  10:51  Marine  
  183  10:52  Marine x4  
  183  10:53  Marine  
  183  10:54  SCV, Marine  
  183  10:57  Widow Mine  
  190  10:58  Liberator  
  190  11:03  Widow Mine  
  188  11:06  Ghost Academy  
  182  11:13  Marine x5, Widow Mine  
  182  11:14  Marine  
  182  11:16  Liberator, Marine  
  182  11:18  Marauder, Widow Mine  
  197  11:19  Marine  
  197  11:22  Marine  
  199  11:26  Marine  
  199  11:30  Engineering Bay  
  199  11:31  Command Center  
  196  11:33  Marine, Marauder  
  196  11:34  SCV  
  196  11:36  SCV  
  196  11:37  SCV  
  196  11:38  SCV  
  197  11:45  Medivac  
  199  11:48  Marine  
  199  11:50  Marine  
  199  11:51  Widow Mine  
  199  11:52  Marauder x3  
  200  11:58  Factory Reactor  
  200  11:59  Refinery  
Show
View Real Time Build Order
Export as new Build Order

Serral Zerg 

Build Orders: Hatch First 

Get SALT Encoding   

  12  0:00  Drone  
  13  0:13  Overlord  
  13  0:17  Drone  
  14  0:31  Drone x2  
  16  0:47  Hatchery  
  15  0:51  Drone  
  15  0:54  Drone  
  17  0:58  Drone  
  18  1:10  Extractor  
  17  1:14  Spawning Pool  
  17  1:17  Drone  
  17  1:21  Drone  
  18  1:28  Drone  
  19  1:39  Drone  
  20  1:51  Drone  
  21  2:00  Queen  
  21  2:01  Queen  
  23  2:02  Zergling x4  
  27  2:12  Overlord  
  27  2:13  Drone  
  28  2:16  Metabolic Boost  
  28  2:32  Drone  
  28  2:33  Drone  
  28  2:35  Drone x2  
  28  2:36  Queen  
  34  2:43  Overlord  
  34  2:44  Drone  
  35  2:56  Hatchery  
  35  2:58  Drone  
  35  3:03  Overlord  
  35  3:09  Drone x3  
  35  3:12  Drone  
  39  3:18  Drone x2  
  41  3:20  Drone x2  
  41  3:21  Drone  
  44  3:27  Queen  
  44  3:33  Queen  
  48  3:38  Overlord  
  48  3:44  Zergling x2  
  48  3:45  Zergling x4  
  48  3:47  Drone  
  52  3:50  Overlord  
  52  3:55  Overlord  
  52  4:00  Spore Crawler  
  44  4:03  Drone x4  
  44  4:08  Drone  
  44  4:09  Drone  
  49  4:15  Zergling x2  
  49  4:16  Zergling x2  
  51  4:17  Drone x2  
  51  4:20  Queen  
  51  4:23  Zergling x2  
  56  4:24  Zergling x2  
  56  4:27  Drone  
  56  4:30  Drone  
  59  4:35  Drone  
  59  4:36  Overlord  
  60  4:40  Drone  
  60  4:41  Drone, Spore Crawler  
  60  4:44  Drone x2  
  62  4:46  Spore Crawler  
  62  4:47  Drone  
  62  4:48  Drone  
  62  4:51  Drone x2  
  63  4:54  Drone x2  
  66  5:00  Evolution Chamber  
  66  5:01  Evolution Chamber  
  66  5:03  Drone x3  
  66  5:06  Overlord  
  66  5:10  Drone  
  66  5:15  Drone x3  
  66  5:19  Queen  
  71  5:25  Overlord  
  71  5:28  Zerg Melee Weapons Level 1, Zerg Ground Armor Level 1, Extractor  
  69  5:30  Drone  
  69  5:32  Drone x2  
  72  5:36  Overlord  
  72  5:39  Spore Crawler, Drone x2  
  72  5:41  Drone  
  73  5:45  Drone x2  
  73  5:46  Drone  
  73  5:49  Drone x3  
  77  5:54  Lair  
  77  5:58  Drone x5  
  77  6:03  Drone  
  82  6:04  Drone x2  
  82  6:09  Extractor  
  83  6:14  Baneling Nest  
  83  6:17  Drone x3  
  85  6:23  Overlord  
  85  6:24  Zergling x4  
  87  6:26  Hatchery  
  87  6:28  Extractor  
  87  6:30  Queen  
  87  6:31  Zergling x10  
  92  6:40  Zergling x4  
  92  6:43  Overlord  
  92  6:46  Zergling x6  
  97  6:49  Hatchery  
  97  6:50  Overlord  
  97  6:52  Zergling x2  
  97  6:54  Zergling x2  
  97  6:58  Centrifugal Hooks, Baneling x8  
  97  7:00  Burrow  
  98  7:05  Zergling x14  
  102  7:14  Drone x2  
  104  7:19  Drone  
  104  7:22  Drone x5  
  108  7:25  Zerg Ground Armor Level 2  
  108  7:30  Overlord  
  108  7:32  Zergling x2  
  108  7:33  Zergling x4  
  108  7:36  Zerg Melee Weapons Level 2  
  111  7:38  Zergling x4  
  111  7:42  Zergling x2  
  111  7:43  Zergling x2  
  115  7:46  Zergling x2  
  115  7:47  Baneling x2  
  115  7:55  Zergling x2  
  115  7:56  Zergling x10  
  115  7:57  Overlord  
  120  8:00  Zergling x2  
  120  8:01  Baneling  
  120  8:02  Baneling x6, Queen  
  123  8:05  Overseer  
  123  8:08  Zergling x14  
  130  8:13  Overlord  
  130  8:14  Overseer  
  130  8:18  Zergling x6  
  126  8:22  Baneling x5  
  121  8:27  Zergling x14  
  121  8:31  Zergling x8  
  124  8:40  Baneling  
  124  8:41  Zergling x4  
  124  8:43  Drone x5  
  124  8:44  Drone x2  
  124  8:47  Baneling x4  
  124  8:48  Zergling x8  
  136  8:50  Baneling  
  136  8:52  Drone x2  
  137  8:55  Baneling x3  
  137  8:56  Zergling x2  
  137  9:00  Zergling x6  
  137  9:02  Baneling x5  
  139  9:09  Zergling x24  
  145  9:14  Baneling x7  
  139  9:19  Zergling x14  
  143  9:25  Overlord x2  
  143  9:28  Infestation Pit  
  143  9:29  Zergling x6  
  137  9:36  Baneling x3  
  137  9:37  Hatchery, Extractor  
  137  9:38  Zergling x20  
  143  9:41  Drone x2  
  143  9:43  Baneling x3  
  144  9:46  Zergling x14  
  144  9:51  Zergling x2  
  144  9:52  Zergling x4  
  150  9:57  Baneling x3  
  150  9:58  Baneling x2, Zergling x4  
  148  10:01  Zergling x4  
  148  10:06  Overseer  
  147  10:10  Zergling x16  
  147  10:11  Zergling x6  
  147  10:14  Baneling  
  152  10:15  Hive  
  151  10:24  Zergling x20  
  160  10:29  Baneling x6  
  160  10:31  Zergling x4  
  160  10:39  Zergling x18  
  157  10:43  Zergling x2  
  157  10:44  Zergling x4  
  157  10:49  Zergling x2  
  149  10:50  Zergling x6  
  149  10:54  Hatchery, Zergling x2  
  149  10:56  Baneling  
  146  11:02  Zergling x16  
  136  11:06  Baneling x10  
  136  11:09  Zergling x18  
  136  11:11  Zergling x6  
  145  11:12  Queen x3  
  145  11:16  Zergling x4  
  152  11:26  Zergling x10  
  152  11:31  Baneling x9  
  157  11:32  Overlord  
  157  11:33  Overlord x2  
  154  11:41  Overseer  
  154  11:45  Baneling  
  154  11:46  Baneling x6  
  144  11:49  Zergling x18  
  142  11:58  Zergling x16  
Tags
 
Add a new tag
Caveats
  • Supply blocks, unpowered buildings, or Contaminate may cause inaccurate times.
  • Supply counts are checked every 10 seconds.